 Dungeon Crawl Stone Soup version 0.32-a0-519-g08f29ac1c3 (webtiles) character file.

Game seed: 5273351012100925685

23 Alarak the Shooter (level 2, 0/16 HPs)
             Began as a Deep Elf Hunter on Feb 28, 2024.
             Killed from afar by a dart slug (5 damage)
             ... with a slug dart
             ... on level 2 of the Dungeon.
             The game lasted 00:00:46 (185 turns).

Alarak the Shooter (Deep Elf Hunter)                 Turns: 185, Time: 00:00:47

Health: 0/16       AC:  3    Str:  8    XL:     2   Next: 72%
Magic:  4/4        EV: 12    Int: 13    God:
Gold:   16         SH:  0    Dex: 18    Spells: 1/1 levels left

rFire   . . .        a - +0 shortbow
rCold   . . .        (shield currently unavailable)
rNeg    . . .        c - +0 leather armour
rPois   .            (no helmet)
rElec   .            (no cloak)
rCorr   .            (no gloves)
SInv    .            (no boots)
Will    .....        (no amulet)
Stlth   ++           (no ring)
HPRegen 0.22/turn    (no ring)
MPRegen 0.09/turn

%: no passive effects
@: no status effects
A: no striking features
a: no special abilities


You were on level 2 of the Dungeon.
You visited 1 branch of the dungeon, and saw 2 of its levels.

You collected 16 gold pieces.

Inventory:

Hand Weapons
 a - a +0 shortbow (weapon)
Armour
 c - a +0 leather armour (worn)
 g - a +0 helmet
Scrolls
 b - a scroll of butterflies
 f - a scroll of identify {unknown}
Potions
 d - a potion of enlightenment {unknown}
 e - a potion of curing {unknown}


   Skills:
 - Level 1.5 Fighting
 + Level 6.4 Ranged Weapons
 - Level 2.4 Dodging
 - Level 1.2 Stealth


You had one spell level left.
You didn't know any spells.
Your spell library was empty.

Dungeon Overview and Level Annotations

Branches:
Dungeon (2/15)

Altars:


Message History

You shoot an arrow. The arrow hits the adder!
The adder is severely wounded.
The adder barely misses you. The kobold misses you.
You shoot an arrow. The arrow closely misses the adder.
The adder bites you.
You are poisoned.
The adder poisons you! The kobold misses you.
The adder bites you but does no damage.
You shoot an arrow. The arrow hits the adder!
You kill the adder!
You feel sick. The kobold barely misses you.
You shoot an arrow. The arrow closely misses the kobold.
You feel sick. The kobold closely misses you.
You shoot an arrow. The arrow hits the kobold.
The kobold is moderately wounded.
You feel sick. The kobold barely misses you.
You shoot an arrow. The arrow barely misses the kobold.
You feel sick.
You are no longer poisoned.
The kobold hits you but does no damage.
The dart slug bites you but does no damage.
The kobold barely misses you.
You shoot an arrow. The arrow hits the kobold.
You kill the kobold!
The dart slug launches a dart at you.
The slug dart is repelled.
You shoot an arrow. The arrow hits the dart slug.
The dart slug is moderately wounded.
The dart slug launches a dart at you. The slug dart hits you.
You are too injured to fight recklessly!
You shoot an arrow.
The arrow hits the dart slug but does no damage.
The dart slug is moderately wounded.
The dart slug launches a dart at you. The slug dart hits you.
You die...

##.................
#.....#...#.......
#.....#...##......
#.....#.### ......
#.....#.## #.....
###......# .....
#......# #####
#.....[####
#..@.......
#..)w...#..
#.......# ##.$#†#.#
#.##.#.# #.# .# #.#
# #.


You could see a dart slug.

Vanquished Creatures
  An adder (D:2)
  An endoplasm (D:2)
  7 jackals (D:1)
  A kobold (D:2)
  3 rats
13 creatures vanquished.

Notes
Turn   | Place    | Note
-------+----------+-------------------------------------------
     0 | D:1      | Alarak the Deep Elf Hunter began the quest for the Orb.
     0 | D:1      | Reached XP level 1. HP: 12/12 MP: 3/3
    65 | D:1      | Reached XP level 2. HP: 6/16 MP: 4/4
    66 | D:1      | Reached skill level 6 in Ranged Weapons
   146 | D:1      | You fall into a shaft and drop 1 floor!
   185 | D:2      | Killed from afar by a dart slug

Illustrated notes

Levels and vault maps discovered:
D:1:      tarquinn_simple_flora_water_b, layout_basic, serial_shops, shop,
          shapermc_ecumenical_altar_mp_highgroup
D:2:      layout_rooms, chequers_mini_garden, minmay_hexomino_r4

Skill      XL: |  1  2 |
---------------+-------+-----
Ranged Weapons | 6 |  6.4
Fighting       | |  1.5
Dodging        | |  2.4
Stealth        | |  1.2

Action                     || total
---------------------------++-------
   Fire: Shortbow          ||    39
 Armour: Leather armour    ||    19
  Dodge: Dodged            ||    26
         Repelled          ||     1

Table legend: (Time is in decaauts)
 A = Elapsed time spent in this place.
 B = Non-inter-level travel time spent in this place.
 C = Inter-level travel time spent in this place.
 D = Time resting spent in this place.
 E = Time spent auto-exploring this place.
 F = Levels seen in this place.
 G = Mean time per level.
                   A        B        C        D        E       F      G
               +--------+--------+--------+--------+--------+-----+--------+
         Total |    190 |    187 |      3 |     50 |     72 |   2 |   95.0 |
       Dungeon |    190 |    187 |      3 |     50 |     72 |   2 |   95.0 |
               +--------+--------+--------+--------+--------+-----+--------+

Top non-repeatable levels by time:
     D:1: 149 daAuts
     D:2: 41 daAuts
